Map: Flooded City

Players

Elysium

  • Race: Protoss Protoss
  • League: Platinum
  • Spawn Location: 12:00

STARGHOST

  • Race: Terran Terran
  • Spawn Location: 12:00

VivaDurham

  • Race: Protoss Protoss
  • League: Platinum
  • Spawn Location: 6:00

ILIEKEGGPIE

  • Race: Protoss Protoss
  • League: Platinum
  • Spawn Location: 6:00

VOD

Have the link to the VOD?

Description

Time

  • Played on: April 26, 2018, 7:19 p.m.
  • Length: 7:45
Show
View Real Time Build Order
Export as new Build Order

Elysium Protoss 

Build Orders: Dark Templar Rush 

Get SALT Encoding   

  12  0:01  Probe  
  13  0:13  Probe  
  14  0:27  Pylon  
  14  0:29  Probe  
  15  0:45  Probe  
  16  0:56  Assimilator  
  16  0:57  Gateway  
  16  0:58  Probe  
  16  1:04  Assimilator  
  17  1:10  Probe  
  18  1:22  Probe  
  19  1:33  Pylon  
  19  1:34  Probe  
  20  1:46  Probe  
  21  1:53  Cybernetics Core  
  21  1:59  Probe  
  22  2:16  Gateway  
  22  2:17  Gateway  
  22  2:23  Warp Gate  
  22  2:37  Twilight Council  
  22  2:40  Robotics Facility  
  22  2:45  Pylon  
  22  2:51  Stalker  
  24  3:17  Warp Prism  
  24  3:19  Dark Shrine  
  24  3:21  Stalker  
  28  3:54  Observer  
  29  4:31  Dark Templar  
  29  4:33  Dark Templar  
  33  4:51  Shadow Stride  
  33  5:10  Dark Templar  
  35  5:15  Stalker x2  
  37  5:47  Pylon  
  37  6:07  Dark Templar  
  37  6:10  Pylon  
  37  6:11  Pylon  
  39  6:25  Stalker  
  39  6:29  Pylon  
  39  6:31  Pylon  
  39  6:34  Pylon  
  39  6:40  Gateway  
  39  6:44  Gateway  
  39  6:56  Dark Templar  
  39  6:57  Stalker x2  
  45  7:26  Shield Battery  
  45  7:27  Stalker x2  
  45  7:28  Shield Battery  
Show
View Real Time Build Order
Export as new Build Order

STARGHOST Terran 

Build Orders:  

Get SALT Encoding   

  12  0:02  SCV  
  13  0:14  SCV  
  14  0:24  Supply Depot  
  14  0:27  SCV  
  15  0:36  Supply Depot  
  15  0:49  Barracks  
  15  1:06  Barracks  
  15  1:09  SCV  
  16  1:24  Barracks  
  16  1:34  Barracks  
  16  1:45  Barracks  
  16  1:57  Marine  
  16  1:58  Marine  
  18  2:09  Supply Depot  
  18  2:11  Marine  
  18  2:15  Marine  
  20  2:17  Marine  
  20  2:21  Marine  
  22  2:28  Marine  
  23  2:33  Marine  
  23  2:35  Marine x2  
  26  2:39  Marine  
  27  2:46  Marine  
  27  2:51  Marine  
  29  2:52  Marine  
  29  2:53  Marine  
  29  2:57  Marine  
  32  3:04  Marine  
  33  3:08  Marine  
  33  3:10  Marine  
  35  3:14  Supply Depot  
  35  3:15  Marine  
  36  3:21  Marine  
  36  3:23  Marine  
  38  3:32  Marine  
  39  3:36  Marine  
  39  3:37  Supply Depot  
  39  3:39  Marine  
  40  3:52  Marine x3  
  38  4:15  Marine x2  
  38  4:16  Marine x3  
  38  4:33  Marine x3  
  38  4:34  Marine x2  
  39  5:23  Marine x5  
  44  6:04  Supply Depot  
  44  6:07  Supply Depot  
  43  6:28  Marine x4  
  47  6:45  Marine  
  47  6:47  Marine x3  
  47  6:49  Marine  
  42  7:03  Marine  
  42  7:04  Marine x2  
  42  7:05  Marine  
  42  7:07  Marine  
  46  7:21  Marine  
  47  7:32  Supply Depot  
Show
View Real Time Build Order
Export as new Build Order

VivaDurham Protoss 

Build Orders:  

Get SALT Encoding   

  12  0:00  Probe  
  13  0:15  Pylon  
  13  0:18  Probe  
  14  0:35  Gateway  
  14  0:37  Probe  
  15  0:46  Assimilator  
  15  0:51  Probe  
  16  1:04  Probe  
  16  1:15  Gateway  
  16  1:16  Probe  
  17  1:24  Cybernetics Core  
  17  1:31  Pylon  
  17  1:36  Assimilator  
  17  1:53  Stalker  
  17  1:54  Stalker  
  17  1:59  Probe  
  22  2:11  Probe  
  23  2:23  Probe  
  23  2:24  Warp Gate  
  24  2:36  Stalker x2  
  28  2:40  Pylon  
  28  3:16  Stalker x2  
  32  3:22  Gateway  
  32  3:25  Pylon  
  32  4:01  Stalker  
  32  4:02  Stalker  
  36  4:08  Pylon  
  32  4:29  Stargate  
  32  4:34  Shield Battery  
  32  4:35  Shield Battery  
  18  5:39  Nexus  
  17  5:52  Oracle  
  11  7:00  Probe  
Show
View Real Time Build Order
Export as new Build Order

ILIEKEGGPIE Protoss 

Build Orders:  

Get SALT Encoding   

  12  0:01  Probe  
  13  0:13  Probe  
  14  0:25  Pylon  
  14  0:26  Probe  
  15  0:40  Pylon  
  15  0:51  Pylon  
  15  0:54  Probe  
  15  1:02  Probe  
  16  1:04  Gateway  
  16  1:06  Assimilator  
  17  1:12  Probe  
  17  1:16  Gateway  
  18  1:24  Probe  
  19  1:36  Probe  
  20  1:50  Probe  
  21  1:58  Cybernetics Core  
  21  2:03  Assimilator  
  21  2:22  Probe  
  22  2:26  Stalker  
  22  2:29  Stalker  
  22  2:34  Probe  
  25  2:38  Warp Gate  
  27  2:54  Pylon  
  27  3:00  Stalker  
  27  3:04  Stalker  
  31  3:13  Shield Battery  
  31  3:15  Shield Battery  
  31  3:27  Stargate  
  31  3:52  Stalker  
  33  4:16  Void Ray  
  29  5:02  Pylon  
  29  5:10  Oracle  
  28  5:38  Nexus  
  28  6:48  Oracle  
Tags
 
Add a new tag
Caveats
  • Supply blocks, unpowered buildings, or Contaminate may cause inaccurate times.
  • Supply counts are checked every 10 seconds.